 Dungeon Crawl Stone Soup version 0.21-a0-278-ga722497 (webtiles) character file.

3390 Jeffwins the Carver (level 10, -6/63 HPs)
             Began as an Octopode Fighter on Sept 22, 2017.
             Mangled by a death knight
             ... wielding a +2 halberd
              (34 damage)
             ... on level 8 of the Dungeon.
             The game lasted 00:09:07 (8688 turns).

Jeffwins the Carver (Octopode Fighter)              Turns: 8688, Time: 00:09:08

Health: -6/63      AC:  1    Str: 15    XL:     10   Next: 4%
Magic:  10/10      EV: 14    Int: 12    God:
Gold:   341        SH:  7    Dex: 14    Spells: 9/9 levels left

rFire    . . .     SeeInvis .   s - +3 scimitar
rCold    . . .     Gourm    .   l - +2 buckler
rNeg     . . .     Faith    .   (helmet restricted)
rPois    +         Spirit   .   (no amulet)
rElec    .         Reflect  .   g - ring of poison resistance
rCorr    .         Harm     .   (no ring)
MR       .....                  (no ring)
Stlth    ++........             (no ring)
HPRegen  0.20/turn              (no ring)
MPRegen  0.12/turn              (no ring)
                                (no ring)
                                (no ring)

@: no status effects
A: almost no armour, stealthy swim, amphibious, 8 rings, constrict 8, camouflage
1, gelatinous body 1
a: no special abilities


You were on level 8 of the Dungeon.
You were not hungry.

You visited 2 branches of the dungeon, and saw 9 of its levels.

You collected 341 gold pieces.

Inventory:

Hand Weapons
 a - the +8 war axe "Esykyiv" {chop, rN+++ Str+4 Int-3, unknown}
   (You found it on level 7 of the Dungeon)

   It inflicts extra damage upon your enemies.
   It affects your strength (+4).
   It affects your intelligence (-3).
   It renders you almost immune to negative energy.
 s - a +3 scimitar (weapon)
Armour
 b - a +0 shield
 l - a +2 buckler (worn)
Magical Staves
 x - an uncursed staff of fire {unknown}
Jewellery
 g - a ring of poison resistance (left tentacle)
Wands
 k - a wand of polymorph (19/24)
Scrolls
 o - 3 scrolls of identify
 p - a scroll of enchant weapon {unknown}
 r - 2 scrolls of teleportation
 u - a scroll of amnesia {unknown}
 v - a scroll of recharging {unknown}
 y - 2 scrolls of immolation {unknown}
Potions
 c - a potion of might
 h - 5 potions of agility {unknown}
 i - a potion of resistance {unknown}
 j - 2 potions of degeneration {unknown}
 m - 2 potions of flight
 n - a potion of haste
 q - 2 potions of curing {unknown}
 t - a potion of cancellation {unknown}
Comestibles
 d - 10 bread rations
 f - 3 royal jellies
 w - 5 chunks of flesh
 z - 3 meat rations


   Skills:
 - Level 3.0 Fighting
 + Level 13.5 Long Blades
 - Level 3.0 Dodging
 - Level 3.0 Shields


You had 9 spell levels left.
You didn't know any spells.

Dungeon Overview and Level Annotations

Branches:
Dungeon (8/15)             Temple (1/1) D:5
   Lair: D:8-11

Altars:
Ashenzari
Cheibriados
Dithmenos
Fedhas
Gozag
Hepliaklqana
Kikubaaqudgha
Makhleb
Nemelex Xobeh
Okawaru
Qazlal
Ru
Sif Muna
Trog
Uskayaw
Vehumet
Wu Jian
Xom
Yredelemnul
Zin
The Shining One

Shops:
D:4 [

Annotations:
D:8 Prince Ribbit


Innate Abilities, Weirdness & Mutations

You cannot wear most types of armour.
You are very stealthy in the water. (Stealth+)
You are amphibious.
You can wear up to eight rings at the same time.
You can use your tentacles to constrict eight enemies at once.
Your skin changes colour to match your surroundings (Stealth+).
Your rubbery body absorbs attacks. (AC +1, EV +1)


Message History

An orc is nearby!
An orc is nearby!
An orc comes into view. It is wielding a whip.
Found a stone staircase leading up.
An orc, an orc wizard and a death knight come into view.
The orc wizard shouts!
The orc shouts! x2; The death knight shouts!
You hear a croak.
Prince Ribbit comes into view.
The death knight hits you with an enchanted halberd!!
You barely miss the death knight. Your grab misses the death knight.
A water moccasin skeleton comes into view.
Unknown command.
You block the death knight's attack.
Prince Ribbit blinks!
Prince Ribbit misses you.
Unknown command.
The orc wizard looks braver for a moment.
Prince Ribbit hits you!
The death knight hits you from afar with an enchanted halberd!!
Ouch! That really hurt!
You die...

# #.#
###.#####..#######
#...#............#
#.....###...####.#
.....<.#.###.###.#
.......o.# #..##.#
.......#p###..##)#
.....Zoo...F#.##.# #
......o###@##.##.#.#
......# #.##.##.#.##
......
#.##.##....### ....#
#.............. ....
###..........####
#.# ...........#####
#. ...#............
##.#......######
#.#.>...##


You could see a death knight, Prince Ribbit, an orc wizard, 2 orcs and a water
moccasin skeleton.

Vanquished Creatures
  A cyclops (D:8)
  A hungry ghost (D:7)
  A phantom (D:5)
  An orc warrior (D:7)
  A sky beast (D:6)
  4 ogres
  A centaur (D:7)
  3 bullfrogs
  2 scorpions
  A water moccasin skeleton (D:8)
  15 wights (D:7)
  2 crimson imps
  A bullfrog zombie (D:7)
  3 hounds
  4 orc priests
  Ijyb (D:4)
  A bullfrog skeleton (D:4)
  2 jellies
  2 centaur skeletons
  7 orc wizards
  An iguana (D:7)
  8 worker ants
  2 hound skeletons
  A howler monkey zombie (D:5)
  3 gnolls (D:7)
  13 adders
  3 shadow imps
  2 adder skeletons
  4 worms
  2 dart slugs
  9 leopard geckos
  15 orcs
  3 ball pythons
  6 bats
  4 giant cockroaches
  13 goblins
  15 hobgoblins
  18 jackals
  9 kobolds
  5 quokkas
  6 frilled lizards
  A jackal skeleton (D:4)
  A leopard gecko zombie (D:7)
  12 rats
210 creatures vanquished.

Vanquished Creatures (others)
  A quokka (D:8)
1 creature vanquished.

Grand Total: 211 creatures vanquished

Notes
Turn   | Place    | Note
-------+----------+-------------------------------------------
     0 | D:1      | Jeffwins the Octopode Fighter began the quest for the Orb.
     0 | D:1      | Reached XP level 1. HP: 16/16 MP: 1/1
   126 | D:1      | Reached XP level 2. HP: 20/21 MP: 2/2
   249 | D:1      | Reached skill level 3 in Long Blades
   597 | D:1      | Reached XP level 3. HP: 25/26 MP: 3/3
  1032 | D:2      | Reached skill level 4 in Long Blades
  1304 | D:2      | Found a sacrificial altar of Ru.
  1322 | D:2      | Reached XP level 4. HP: 31/31 MP: 4/4
  1368 | D:2      | Found a basalt altar of Yredelemnul.
  1883 | D:3      | Reached skill level 5 in Long Blades
  1898 | D:3      | Reached XP level 5. HP: 21/36 MP: 5/5
  2003 | D:3      | Found an ancient bone altar of Kikubaaqudgha.
  2453 | D:3      | Reached skill level 6 in Long Blades
  2470 | D:3      | Found a glowing silver altar of Zin.
  2470 | D:3      | Found an iron altar of Okawaru.
  2475 | D:3      | Reached XP level 6. HP: 31/42 MP: 6/6
  3002 | D:4      | Noticed Ijyb
  3017 | D:4      | Killed Ijyb
  3017 | D:4      | Reached skill level 7 in Long Blades
  3185 | D:4      | Reached XP level 7. HP: 31/46 MP: 7/7
  3236 | D:4      | Found Sulipp's Armour Boutique.
  3552 | D:4      | Reached skill level 8 in Long Blades
  3855 | D:5      | Entered Level 5 of the Dungeon
  4078 | D:5      | HP: 1/46 [orc priest/flail (5)]
  4482 | D:5      | Reached skill level 9 in Long Blades
  4482 | D:5      | Reached XP level 8. HP: 52/52 MP: 8/8
  4485 | D:5      | Found a staircase to the Ecumenical Temple.
  4491 | Temple   | Entered the Ecumenical Temple
  4818 | D:5      | Found a stormy altar of Qazlal.
  5700 | D:6      | Reached skill level 10 in Long Blades
  6025 | D:6      | Found a shadowy altar of Dithmenos.
  6760 | D:7      | Reached skill level 11 in Long Blades
  6765 | D:7      | Reached XP level 9. HP: 46/56 MP: 9/9
  6916 | D:7      | Found a burning altar of Makhleb.
  7215 | D:7      | Reached skill level 12 in Long Blades
  7807 | D:7      | Got a crude war axe
  8055 | D:8      | Noticed a cyclops
  8344 | D:8      | Killed a cyclops
  8344 | D:8      | Reached skill level 13 in Long Blades
  8551 | D:8      | Reached XP level 10. HP: 63/63 MP: 10/10
  8682 | D:8      | Noticed a death knight
  8683 | D:8      | Noticed Prince Ribbit
  8688 | D:8      | Mangled by a death knight

Vault maps used:
D:1:      dpeg_arrival_pits, interstate_on_off
D:2:      nicolae_ru_sacrificial_ziggurat, yredelemnul_altar_generic,
          fountainhead, minmay_pentomino_q2
D:3:      lemuel_crystal_altar, minitemple, first_bread, minmay_mini_jars
D:4:      serial_shops, nicolae_shop_stone, uniq_ijyb
D:5:      kennysheep_mini, minmay_temple_entry_butterflies
D:6:      lemuel_coloured_pillars_altar
D:7:      kennysheep_mini_moat, serial_curves, eino_curves_03, eino_curves_02
D:8:      elyvilon_altar_4, grunt_ogre_cave, uniq_prince_ribbit1
Temple:   nicolae_temple_figure_eight

Skill      XL: |  1  2  3  4  5  6  7  8  9 |
---------------+----------------------------+-----
Long Blades    | 3 4 5 6 7 9 11 13 | 13.5
Fighting       | |  3.0
Dodging        | |  3.0
Shields        | |  3.0

Action                   |  1- 3 |  4- 6 |  7- 9 | 10-12 || total
-------------------------+-------+-------+-------+-------++-------
Melee: Long sword        |    62 |   114 |   253 |       ||   429
       Constrict         |    20 |    27 |    71 |     2 ||   120
       Tentacles         |    18 |    20 |    82 |     3 ||   123
       Unarmed           |       |    11 |       |       ||    11
       Scimitar          |       |       |    40 |    12 ||    52
  Use: Scroll            |       |     6 |     2 |       ||     8
       Potion            |       |       |     2 |       ||     2
 Stab: Sleeping          |     9 |    12 |     8 |       ||    29
       Distracted        |       |     1 |       |       ||     1
  Eat: Chunk             |     1 |     5 |    18 |       ||    24
       Meat ration       |       |       |     1 |       ||     1
Armor: Skin              |     5 |    10 |     7 |       ||    22
Dodge: Dodged            |    19 |    42 |   106 |     3 ||   170
Block: Shield            |    25 |    50 |     9 |       ||    84
       Buckler           |       |       |    49 |     4 ||    53
       Rpst.: Long sword |     8 |    17 |    36 |       ||    61
       Scimitar          |       |       |     5 |       ||     5

Table legend:
 A = Spawn XP
 B = Non-spawn XP
 C = Spawn XP percentage of total XP
 D = Spawn monster count
 E = Non-spawn monster count
 F = Spawn count percentage of total count
 G = Total turns spent on level
                    A         B        C        D         E        F      G
               +---------+---------+-------+---------+---------+-------+---------
         Total |       0 |    4844 |   0.0 |       0 |     210 |   0.0 |  8688
               +---------+---------+-------+---------+---------+-------+---------
           D:1 |       0 |      43 |   0.0 |       0 |      28 |   0.0 |   915
           D:2 |       0 |     106 |   0.0 |       0 |      28 |   0.0 |   954
           D:3 |       0 |     182 |   0.0 |       0 |      38 |   0.0 |   890
           D:4 |       0 |     584 |   0.0 |       0 |      23 |   0.0 |  1096
           D:5 |       0 |     525 |   0.0 |       0 |      26 |   0.0 |  1343
           D:6 |       0 |     480 |   0.0 |       0 |      22 |   0.0 |  1223
           D:7 |       0 |    2034 |   0.0 |       0 |      38 |   0.0 |  1697
           D:8 |       0 |     890 |   0.0 |       0 |       7 |   0.0 |   356
               +---------+---------+-------+---------+---------+-------+---------
